 Dungeon Crawl Stone Soup version 0.20.1-1-g8b1a95d (webtiles) character file.

65 Monsterracer the Covered (level 3, -1/34 HPs)
             Began as a Deep Dwarf Fighter on Oct 27, 2017.
             Killed by nerve-wracking pain
             ... invoked by Grinder
              (5 damage)
             ... on level 4 of the Dungeon.
             The game lasted 00:00:39 (381 turns).

Monsterracer the Covered (Deep Dwarf Fighter)        Turns: 381, Time: 00:00:40

Health: -1/34      AC:  7    Str: 25    XL:     3   Next: 94%
Magic:  2/2        EV:  8    Int:  8    God:
Gold:   32         SH: 10    Dex: 12    Spells: 2/2 levels left

rFire    . . .     SeeInvis .   a - +0 war axe
rCold    . . .     Gourm    .   c - +0 shield
rNeg     . . .     Faith    .   b - +1 scale mail
rPois    .         Spirit   .   (no helmet)
rElec    .         Reflect  .   (no cloak)
rCorr    .         Harm     .   (no gloves)
MR       .....                  (no boots)
Stlth    ..........             (no amulet)
Regen    0.0/turn               (no ring)
MPRegen  0.1/turn               (no ring)

@: mighty, non-regenerating
A: damage resistance, heal wounds, sense surroundings 1, no regeneration
a: Heal Wounds


You were on level 4 of the Dungeon.
You were not hungry.

You visited 1 branch of the dungeon, and saw 4 of its levels.

You collected 32 gold pieces.

Inventory:

Hand Weapons
 a - a +0 war axe (weapon)
Armour
 b - a +1 scale mail (worn)
 c - a +0 shield (worn)
Jewellery
 e - an uncursed amulet of guardian spirit {unknown}
Potions
 d - a potion of might
Comestibles
 f - 3 bread rations
 g - 3 meat rations


   Skills:
 + Level 3.1 Fighting
 * Level 3.4 Axes
 + Level 3.5 Armour
 + Level 1.3 Dodging
 + Level 3.5 Shields


You had 2 spell levels left.
You didn't know any spells.

Dungeon Overview and Level Annotations

Branches:
Dungeon (4/15)
 Temple: D:4-7

Altars:
Okawaru
Zin

Annotations:
D:4 Grinder


Innate Abilities, Weirdness & Mutations

You are resistant to damage.
You can heal yourself by infusing magical energy.
You passively map a small area around you.
You do not regenerate.


Message History

You block the worker ant's attack.
You hit the worker ant but do no damage.
The worker ant is severely wounded.
The worker ant bites you. You block the worker ant's attack.
You hit the worker ant.
You kill the worker ant!
Your Axes skill increases to level 3!
Your Dodging skill increases to level 1!
You have reached level 3!
Your experience leads to an increase in your attributes!
Increase (S)trength, (I)ntelligence, or (D)exterity?
You feel stronger.
You see here a worker ant corpse.
You now have 21 gold pieces (gained 4).
A hound skeleton comes into view.
You see here a potion of might.
A hound skeleton is nearby!
A hound skeleton is nearby!
You slash the hound skeleton!
The hound skeleton is moderately damaged.
You block the hound skeleton's attack.
The hound skeleton bites you but does no damage.
You hit the hound skeleton.
The hound skeleton is moderately damaged.
You block the hound skeleton's attack.
You slash the hound skeleton!
The hound skeleton is almost destroyed.
You block the hound skeleton's attack. x2
You slash the hound skeleton!
You destroy the hound skeleton!
No target in view!
d - 2 potions of might (gained 1)
g - 2 meat rations (gained 1)
Found a mace.
Found an escape hatch in the floor.
No target in view!
You see here a mace.
Found a falchion.
No target in view!
Found a robe.
There is an escape hatch in the floor here.
g - 3 meat rations (gained 1)
Found a stone staircase leading down.
No target in view!
No target in view!
No target in view!
No target in view!
There is a stone staircase leading down here.
Found a chain mail.
Found a stone staircase leading down.
e - a dented ruby amulet You see here a chain mail.
There is a stone staircase leading down here.
f - 3 bread rations (gained 1)
You now have 32 gold pieces (gained 11).
A giant cockroach comes into view.
The giant cockroach moves out of view.
Grinder comes into view.
You completely miss the giant cockroach.
The giant cockroach bites you but does no damage.
The giant cockroach bites you.
You closely miss the giant cockroach.
The giant cockroach bites you but does no damage.
Your scale mail prevents you from hitting the giant cockroach.
The giant cockroach closely misses you.
The giant cockroach bites you but does no damage.
Your shield and scale mail prevent you from hitting the giant cockroach.
The giant cockroach bites you but does no damage.
Grinder blinks!
You block the giant cockroach's attack.
You slash the giant cockroach!
You kill the giant cockroach!
You feel very mighty all of a sudden. Grinder hits you but does no damage.
You closely miss Grinder. Grinder hits you.
You writhe in agony.
Your scale mail prevents you from hitting Grinder.
Grinder gestures at you. You resist with significant effort.
You slash Grinder!
Grinder is moderately wounded.
Grinder gestures at you.
You suddenly lose the ability to move!
Grinder barely misses you. Grinder gestures at you.
You barely resist. Grinder hits you but does no damage. Grinder hits you.
You writhe in agony.
Grinder hits you but does no damage.
You can move again.
Unknown command.
Press: ? - help, v - describe, . - travel
Here: Grinder (moderately wounded)
The floor.
Your scale mail prevents you from hitting Grinder.
Grinder is moderately wounded.
Grinder gestures at you. Pain shoots through your body!
* * * LOW HITPOINT WARNING * * *
You slash Grinder!
Grinder is heavily wounded.
You block Grinder's attack.
Grinder blinks!
Grinder gestures at you. Pain shoots through your body!
You die...

..... .# ,
#...#*.# *
##...##.## ,
........## ,
<
##........##
,,
,[...5......
** #.......#
* .#.. *
##.@#, ,
...# #...# ,
* #..# *
##...# #..#
* #....#
#..# * *
#.#.## #..#
* #.#.# #..#
# * * #.#.#
#..### *
#.#.# #.....
#.#.#
##.####


You could see Grinder.

Vanquished Creatures
  A worker ant (D:4)
  A hound skeleton (D:4)
  2 adders
  A giant cockroach (D:4)
  A goblin (D:3)
  5 jackals
  A ball python (D:3)
  A frilled lizard (D:2)
13 creatures vanquished.

Notes
Turn   | Place    | Note
-------+----------+-------------------------------------------
     0 | D:1      | Monsterracer the Deep Dwarf Fighter began the quest for the Orb.
     0 | D:1      | Reached XP level 1. HP: 20/20 MP: 1/1
    96 | D:2      | Found an iron altar of Okawaru.
   129 | D:2      | Reached XP level 2. HP: 12/27 MP: 2/2
   180 | D:4      | Found a glowing silver altar of Zin.
   215 | D:4      | Reached skill level 1 in Dodging
   215 | D:4      | Reached XP level 3. HP: 24/34 MP: 2/2
   364 | D:4      | Noticed Grinder
   374 | D:4      | Paralysed by Grinder for 5 turns
   381 | D:4      | Killed from afar by Grinder

Skill      XL: |  1  2 |
---------------+-------+-----
Fighting       | 3 |  3.1
Axes           | 3 |  3.4
Dodging        | 1 |  1.3
Armour         | |  3.5
Shields        | |  3.5

Action                   || total
-------------------------++-------
Melee: War axe           ||    68
 Abil: Heal Wounds       ||     1
  Use: Scroll            ||     1
       Potion            ||     1
Armor: Scale mail        ||    35
Dodge: Dodged            ||    21
Block: Shield            ||    39

Vault maps used:
D:1:      eino_arrival_druids_welcome
D:2:      nrook_uturn, okawaru_trees_2, uniq_terence, uniq_natasha, uniq_sigmund
D:3:      makhleb_heckhound_becter, uniq_jessica
D:4:      zin_academy, first_bread, uniq_grinder
